Devils vs Penguins

Created - 28 mars 2022 at 16:57

Goals
1 2 3 T
Devils 1 0 2 3
Penguins 0 1 0 1
Shots
1 2 3 T
Devils 21 8 9 38
Penguins 8 7 11 26

GoalsPenalties
1st period
1. Devils , Rickard Rakell 28 (Chandler Stephenson 30, Charlie McAvoy 52) at 8:12 (PP)
Alexander Romanov (PIT) for Roughing (Double Minor) at 5:40
Nicolas Roy (NJD) for Interference (Minor) at 5:40
Sebastian Aho (PIT) for Interference (Minor) at 11:14
Michael Del Zotto (NJD) for Hooking (Minor) at 17:47
2nd period
2. Penguins , Nikita Kucherov 25 (Brady Tkachuk 31, Sami Vatanen 32) at 17:21
Zack Smith (PIT) for Hooking (Minor) at 10:39
3rd period
3. Devils , Jimmy Vesey 10 (Charlie McAvoy 53, Mason Appleton 15) at 3:47
4. Devils , Chandler Stephenson 23 (Rickard Rakell 33) at 4:11
Johnny Boychuk (NJD) for Hooking (Minor) at 5:38
Goalie Stats
Braden Holtby (NJD), 25 saves from 26 shots - (0,962), W, 18-23-2, 60:00 minutes
Anton Khudobin (PIT), 35 saves from 38 shots - (0,921), L, 14-16-2, 60:00 minutes
3 StarsOfficial
1 - Rickard Rakell (NJD)
2 - Chandler Stephenson (NJD)
3 - Charlie McAvoy (NJD)
Referees : Steve Kozari and Dan O'Halloran
Linesman : Mark Shewchyk and Ryan Gibbons
Game Note
No Game Note



Team Name Goals Shots Shots Attemp Shots Blocked PIM HIT PP PK FO%
Devils 33875106221 / 3 (33%)048%
Penguins 1266098240 / 2 (0%)152%

Devils
Player Name POS G A P +/- PIM HIT SHT SB MP PP MP PP SHT PK MP PK SHT FO% FOT
Adrian KempeC/LW/RW000-1007015:470:0000:120100% 1
Alexander BarabanovLW0000002012:270:0000:0000% 1
Anthony DeAngeloD0000001321:071:4600:4400% 0
Chandler StephensonC/LW1121004020:122:0302:02044% 27
Charlie McAvoyD0221031023:431:4602:0000% 0
Jason SpezzaC/RW000-1011018:090:0001:44039% 23
Jimmy VeseyLW/RW101100207:550:0002:14050% 2
Joe ThorntonC/LW000101005:410:0000:00075% 4
Joel FarabeeLW/RW000-1023018:032:2800:0000% 0
Johnny BoychukD0000215217:402:4531:1400% 0
Josh AndersonLW/RW0001040019:332:0300:00067% 3
Mason AppletonC/LW/RW011100109:532:2801:44050% 2
Matt GrzelcykD0001001221:330:0001:3600% 0
Michael Del ZottoD0000231220:362:4510:0000% 0
Nicolas RoyC0000220014:542:2800:00056% 18
Rickard RakellC/LW/RW1121024019:012:0310:0000% 1
Tim StutzleLW0000004012:270:0000:000100% 1
Travis DermottD0000031115:190:0002:2200% 0
Penguins
Player Name POS G A P +/- PIM HIT SHT SB MP PP MP PP SHT PK MP PK SHT FO% FOT
Alexander RomanovD000-1432022:091:5021:5900% 0
Ben GleasonD000-1000119:160:0000:1900% 0
Brady TkachukLW0110031019:422:0801:1200% 3
Brett ConnollyRW0000000013:260:0001:230100% 1
Colton SissonsC/LW/RW000-1012016:060:0000:00050% 16
Craig SmithRW000000005:550:0000:0000% 0
Dominic ToninatoC000001005:550:0000:0000% 0
Filip ZadinaRW000-1012017:561:5010:0000% 2
Frederick GaudreauC/RW0000001010:001:5002:15071% 14
Jacob MiddletonD0000022213:130:0000:0000% 0
Luke KuninC/RW000-1031016:060:0000:0000% 0
Nick HoldenD0000040224:552:0802:3200% 0
Nick RitchieLW0000031012:370:0000:3400% 0
Nikita KucherovRW1010008020:412:0812:000100% 3
Sami VatanenD0110010224:272:0801:5900% 0
Sebastian AhoC/LW/RW0000205018:381:5000:16060% 25
Ty SmithD0000000215:591:5002:1300% 0
Zack SmithC/LW0000221016:262:0801:22032% 19

Devils

5 vs 5 Forward
Line #Left WingCenterRight WingPHYDFOFWanted %Time %Time Play
1Rickard RakellChandler StephensonJosh Anderson1133232%15:49
2Joel FarabeeJason SpezzaAdrian Kempe0143031%15:35
3Tim StutzleNicolas RoyAlexander Barabanov0232525%12:27
4Jimmy VeseyJoe ThorntonMason Appleton1221311%5:41
5 vs 5 Defense
Line #DefenseDefensePHYDFOFWanted %Time %Time Play
1Charlie McAvoyMatt Grzelcyk0234038%18:43
2Anthony DeAngeloMichael Del Zotto0234036%17:52
3Johnny BoychukTravis Dermott2302026%12:57
4Charlie McAvoyAnthony DeAngelo12200%0:00
Power Play Forward
Line #Left WingCenterRight WingPHYDFOFWanted %Time %Time Play
1Rickard RakellChandler StephensonJosh Anderson0055545%2:03
2Mason AppletonNicolas RoyJoel Farabee0234555%2:28
Power Play Defense
Line #DefenseDefensePHYDFOFWanted %Time %Time Play
1Charlie McAvoyAnthony DeAngelo0145839%1:46
2Johnny BoychukMichael Del Zotto1224261%2:45
Penalty Kill 4 Players Forward
Line #CenterWingPHYDFOFWanted %Time %Time Play
1Chandler StephensonJimmy Vesey1225556%2:14
2Jason SpezzaMason Appleton1224544%1:44
Penalty Kill 4 Players Defense
Line #DefenseDefensePHYDFOFWanted %Time %Time Play
1Charlie McAvoyMatt Grzelcyk1225035%1:24
2Travis DermottJohnny Boychuk1225065%2:34
Penalty Kill 3 Players
Line #WingPHYDFOFWanted %Time %Time PlayDefenseDefensePHYDFOFWanted %Time %Time Play
1Chandler Stephenson122600%0:00 Charlie McAvoyJohnny Boychuk122500%0:00
2Mason Appleton122400%0:00 Matt GrzelcykTravis Dermott122500%0:00
4 vs 4 Forward
Line #CenterWingPHYDFOFWanted %Time %Time Play
1Nicolas RoyRickard Rakell1225258%1:09
2Jason SpezzaJosh Anderson1224842%0:50
4 vs 4 Defense
Line #DefensePHYDFOFWanted %Time %Time Play
1Charlie McAvoyMatt Grzelcyk1225062%50% - 1:14
2Anthony DeAngeloJohnny Boychuk1225038%50% - 0:45
Last Minutes Offensive
Left WingCenterRight WingDefenseDefense
Rickard RakellJoel FarabeeJosh AndersonCharlie McAvoyAnthony DeAngelo
Last Minutes Defensive
Left WingCenterRight WingDefenseDefense
Jimmy VeseyChandler StephensonMason AppletonCharlie McAvoyJohnny Boychuk
Time
Total ForwardTotal DefenseLast Minutes OffensiveLast Minutes Defensive
60:00 60:00 0:000:00
Extra Forwards
Normal PowerPlayPenalty Kill
Josh Anderson, Rickard Rakell, Chandler StephensonRickard Rakell, Josh AndersonMason Appleton
Extra Defensemen
Normal PowerPlayPenalty Kill
Anthony DeAngelo, Charlie McAvoy, Johnny BoychukCharlie McAvoy, Travis DermottCharlie McAvoy
Penalty Shots
Chandler Stephenson, Rickard Rakell, Nicolas Roy, Josh Anderson, Alexander Barabanov
Goalie
Braden Holtby, Alex Nedeljkovic
Custom OT Lines Forwards
Jimmy Vesey, Rickard Rakell, Nicolas Roy, Josh Anderson, Joel Farabee, Jason Spezza, Chandler Stephenson, Alexander Barabanov, Mason Appleton, Adrian Kempe
Custom OT Lines Defensemen
Charlie McAvoy, Anthony DeAngelo, Travis Dermott, Matt Grzelcyk, Johnny Boychuk
Scratches
Juho Lammikko (Healthy), Colin Miller (Healthy), Dryden Hunt (Healthy), Malcolm Subban (Healthy)

Penguins

5 vs 5 Forward
Line #Left WingCenterRight WingPHYDFOFWanted %Time %Time Play
1Brady TkachukSebastian AhoNikita Kucherov0233231%15:28
2Luke KuninColton SissonsFilip Zadina0143133%16:06
3Nick RitchieZack SmithBrett Connolly0412524%12:03
4Craig SmithFrederick GaudreauDominic Toninato0411212%5:55
5 vs 5 Defense
Line #DefenseDefensePHYDFOFWanted %Time %Time Play
1Nick HoldenSami Vatanen0413938%18:39
2Alexander RomanovBen Gleason0323638%18:57
3Jacob MiddletonTy Smith0412524%11:56
4Nick HoldenSami Vatanen12200%0:00
Power Play Forward
Line #Left WingCenterRight WingPHYDFOFWanted %Time %Time Play
1Brady TkachukZack SmithNikita Kucherov0055054%2:08
2Sebastian AhoFrederick GaudreauFilip Zadina0055046%1:50
Power Play Defense
Line #DefenseDefensePHYDFOFWanted %Time %Time Play
1Nick HoldenSami Vatanen0055054%2:08
2Alexander RomanovTy Smith0055046%1:50
Penalty Kill 4 Players Forward
Line #CenterWingPHYDFOFWanted %Time %Time Play
1Zack SmithFrederick Gaudreau0505056%2:31
2Nikita KucherovBrett Connolly0505044%2:00
Penalty Kill 4 Players Defense
Line #DefenseDefensePHYDFOFWanted %Time %Time Play
1Sami VatanenNick Holden1405044%1:59
2Alexander RomanovTy Smith1405056%2:32
Penalty Kill 3 Players
Line #WingPHYDFOFWanted %Time %Time PlayDefenseDefensePHYDFOFWanted %Time %Time Play
1Zack Smith050500%0:00 Sami VatanenNick Holden050500%0:00
2Nikita Kucherov050500%0:00 Alexander RomanovBen Gleason050500%0:00
4 vs 4 Forward
Line #CenterWingPHYDFOFWanted %Time %Time Play
1Sebastian AhoNikita Kucherov0235055%1:05
2Zack SmithBrady Tkachuk0235045%0:54
4 vs 4 Defense
Line #DefensePHYDFOFWanted %Time %Time Play
1Nick HoldenSami Vatanen0325035%50% - 0:42
2Jacob MiddletonAlexander Romanov0325065%50% - 1:17
Last Minutes Offensive
Left WingCenterRight WingDefenseDefense
Brady TkachukSebastian AhoNikita KucherovNick HoldenSami Vatanen
Last Minutes Defensive
Left WingCenterRight WingDefenseDefense
Zack SmithSebastian AhoFrederick GaudreauNick HoldenSami Vatanen
Time
Total ForwardTotal DefenseLast Minutes OffensiveLast Minutes Defensive
60:00 60:00 0:000:00
Extra Forwards
Normal PowerPlayPenalty Kill
Nikita Kucherov, Brady Tkachuk, Filip ZadinaBrady Tkachuk, Nikita KucherovBrady Tkachuk
Extra Defensemen
Normal PowerPlayPenalty Kill
Sami Vatanen, Alexander Romanov, Nick HoldenSami Vatanen, Alexander RomanovNick Holden
Penalty Shots
Nikita Kucherov, Brady Tkachuk, Zack Smith, Filip Zadina, Brett Connolly
Goalie
Anton Khudobin, Ben Bishop
Custom OT Lines Forwards
Zack Smith, Nikita Kucherov, Brady Tkachuk, Filip Zadina, Sebastian Aho, Colton Sissons, Brett Connolly, Luke Kunin, Nick Ritchie, Frederick Gaudreau
Custom OT Lines Defensemen
Sami Vatanen, Alexander Romanov, Nick Holden, Jacob Middleton, Ty Smith
Scratches
Par Lindholm (Healthy), Arthur Kaliyev (Healthy), Niklas Hjalmarsson (Healthy), Greg McKegg (Healthy), Ilya Sorokin (Healthy)


Play-by-Play

1st period


0:01 of 1st period - Chandler Stephenson wins face-off versus Sebastian Aho in neutral zone.
0:06 of 1st period - Shot by Rickard Rakell.
0:06 of 1st period - Stopped by Anton Khudobin without a rebound.
0:07 of 1st period - Jason Spezza wins face-off versus Colton Sissons in Penguins zone.
1:19 of 1st period - Shot by Zack Smith.
1:19 of 1st period - Stopped by Braden Holtby without a rebound.
1:20 of 1st period - Sebastian Aho wins face-off versus Chandler Stephenson in Devils zone.
2:29 of 1st period - Shot by Jimmy Vesey.
2:29 of 1st period - Stopped by Anton Khudobin without a rebound.
2:30 of 1st period - Frederick Gaudreau wins face-off versus Nicolas Roy in Penguins zone.
2:35 of 1st period - Shot by Tim Stutzle.
2:35 of 1st period - Stopped by Anton Khudobin without a rebound.
2:36 of 1st period - Zack Smith wins face-off versus Nicolas Roy in Penguins zone.
2:49 of 1st period - Shot by Tim Stutzle.
2:49 of 1st period - Shot Misses the Net.
3:03 of 1st period - Shot by Charlie McAvoy.
3:03 of 1st period - Shot Misses the Net.
3:05 of 1st period - Shot by Charlie McAvoy.
3:05 of 1st period - Stopped by Anton Khudobin without a rebound.
3:06 of 1st period - Frederick Gaudreau wins face-off versus Jason Spezza in Penguins zone.
3:21 of 1st period - Jason Spezza is hit by Dominic Toninato and loses puck.
4:24 of 1st period - Josh Anderson is hit by Nick Holden and loses puck.
4:37 of 1st period - Shot by Luke Kunin.
4:37 of 1st period - Shot Misses the Net.
4:49 of 1st period - Nikita Kucherov is hit by Josh Anderson and loses puck.
5:06 of 1st period - Shot by Jimmy Vesey.
5:06 of 1st period - Shot Misses the Net.
5:10 of 1st period - Shot by Johnny Boychuk.
5:10 of 1st period - Shot Blocked by Jacob Middleton.
5:12 of 1st period - Shot by Johnny Boychuk.
5:12 of 1st period - Stopped by Anton Khudobin without a rebound.
5:13 of 1st period - Nicolas Roy wins face-off versus Zack Smith in Penguins zone.
5:14 of 1st period - Shot by Tim Stutzle.
5:14 of 1st period - Deflect By Alexander Barabanov.
5:14 of 1st period - Stopped by Anton Khudobin without a rebound.
5:15 of 1st period - Brett Connolly wins face-off versus Nicolas Roy in Penguins zone.
5:21 of 1st period - Icing by Ben Gleason.
5:22 of 1st period - Nicolas Roy wins face-off versus Zack Smith in Penguins zone.
5:27 of 1st period - Shot by Tim Stutzle.
5:27 of 1st period - Stopped by Anton Khudobin with a rebound.
5:40 of 1st period - Double Minor Penalty to Alexander Romanov for Roughing.
5:40 of 1st period - Minor Penalty to Nicolas Roy for Interference.
5:41 of 1st period - Josh Anderson wins face-off versus Sebastian Aho in Penguins zone.
6:05 of 1st period - Icing by Josh Anderson.
6:06 of 1st period - Josh Anderson wins face-off versus Zack Smith in Devils zone.
6:14 of 1st period - Icing by Jacob Middleton.
6:15 of 1st period - Jason Spezza wins face-off versus Zack Smith in Penguins zone.
6:31 of 1st period - Jason Spezza is hit by Zack Smith and loses puck.
6:40 of 1st period - Shot by Brady Tkachuk.
6:40 of 1st period - Shot Blocked by Anthony DeAngelo.
6:42 of 1st period - Shot by Jacob Middleton.
6:42 of 1st period - Stopped by Braden Holtby without a rebound.
6:43 of 1st period - Sebastian Aho wins face-off versus Chandler Stephenson in Devils zone.
6:52 of 1st period - Shot by Sebastian Aho.
6:52 of 1st period - Shot Misses the Net.
7:00 of 1st period - Shot by Sebastian Aho.
7:00 of 1st period - Stopped by Braden Holtby without a rebound.
7:01 of 1st period - Zack Smith wins face-off versus Josh Anderson in Devils zone.
7:17 of 1st period - Off-side.
7:18 of 1st period - Sebastian Aho wins face-off versus Jason Spezza in neutral zone.
7:54 of 1st period - Shot by Michael Del Zotto.
7:54 of 1st period - Shot Misses the Net.
7:56 of 1st period - Shot by Johnny Boychuk.
7:56 of 1st period - Stopped by Anton Khudobin without a rebound.
7:57 of 1st period - Chandler Stephenson wins face-off versus Zack Smith in Penguins zone.
8:06 of 1st period - Shot by Rickard Rakell.
8:06 of 1st period - Shot Blocked by Nick Holden.
8:08 of 1st period - Shot by Charlie McAvoy.
8:08 of 1st period - Shot Misses the Net.
8:10 of 1st period - Shot by Chandler Stephenson.
8:10 of 1st period - Shot Misses the Net.
8:12 of 1st period - Shot by Rickard Rakell.
8:12 of 1st period - Goal by Rickard Rakell - Devils : 1 - Penguins : 0.
8:13 of 1st period - Sebastian Aho wins face-off versus Jason Spezza in neutral zone.
8:30 of 1st period - Shot by Joel Farabee.
8:30 of 1st period - Stopped by Anton Khudobin with a rebound.
8:32 of 1st period - Shot by Adrian Kempe.
8:32 of 1st period - Shot Misses the Net.
8:34 of 1st period - Shot by Joel Farabee.
8:34 of 1st period - Shot Blocked by Ben Gleason.
8:36 of 1st period - Shot by Adrian Kempe.
8:36 of 1st period - Stopped by Anton Khudobin with a rebound.
8:38 of 1st period - Shot by Adrian Kempe.
8:38 of 1st period - Stopped by Anton Khudobin with a rebound.
8:55 of 1st period - Shot by Joel Farabee.
8:55 of 1st period - Deflect By Adrian Kempe.
8:55 of 1st period - Stopped by Anton Khudobin without a rebound.
8:56 of 1st period - Colton Sissons wins face-off versus Nicolas Roy in Penguins zone.
10:20 of 1st period - Matt Grzelcyk is hit by Jacob Middleton and loses puck.
10:49 of 1st period - Shot by Nick Ritchie.
10:49 of 1st period - Shot Misses the Net.
10:51 of 1st period - Shot by Ty Smith.
10:51 of 1st period - Shot Misses the Net.
11:14 of 1st period - Minor Penalty to Sebastian Aho for Interference.
11:15 of 1st period - Nikita Kucherov wins face-off versus Mason Appleton in Penguins zone.
11:33 of 1st period - Shot by Michael Del Zotto.
11:33 of 1st period - Stopped by Anton Khudobin without a rebound.
11:34 of 1st period - Frederick Gaudreau wins face-off versus Nicolas Roy in Penguins zone.
11:34 of 1st period - Alexander Romanov is hit by Joel Farabee and loses puck.
11:57 of 1st period - Shot by Michael Del Zotto.
11:57 of 1st period - Shot Misses the Net.
11:59 of 1st period - Shot by Nicolas Roy.
11:59 of 1st period - Shot Misses the Net.
12:01 of 1st period - Shot by Johnny Boychuk.
12:01 of 1st period - Stopped by Anton Khudobin without a rebound.
12:02 of 1st period - Nikita Kucherov wins face-off versus Chandler Stephenson in Penguins zone.
12:21 of 1st period - Shot by Charlie McAvoy.
12:21 of 1st period - Shot Blocked by Sami Vatanen.
12:52 of 1st period - Shot by Michael Del Zotto.
12:52 of 1st period - Shot Blocked by Nick Holden.
12:54 of 1st period - Shot by Joel Farabee.
12:54 of 1st period - Deflect By Mason Appleton.
12:54 of 1st period - Shot Misses the Net.
12:56 of 1st period - Shot by Johnny Boychuk.
12:56 of 1st period - Stopped by Anton Khudobin without a rebound.
12:57 of 1st period - Frederick Gaudreau wins face-off versus Nicolas Roy in Penguins zone.
13:19 of 1st period - Adrian Kempe is hit by Alexander Romanov.
13:41 of 1st period - Shot by Jason Spezza.
13:41 of 1st period - Stopped by Anton Khudobin without a rebound.
13:42 of 1st period - Joe Thornton wins face-off versus Sebastian Aho in Penguins zone.
13:51 of 1st period - Shot by Charlie McAvoy.
13:51 of 1st period - Shot Blocked by Jacob Middleton.
13:53 of 1st period - Shot by Matt Grzelcyk.
13:53 of 1st period - Stopped by Anton Khudobin without a rebound.
13:54 of 1st period - Nicolas Roy wins face-off versus Frederick Gaudreau in Penguins zone.
13:58 of 1st period - Icing by Sami Vatanen.
13:59 of 1st period - Frederick Gaudreau wins face-off versus Chandler Stephenson in Penguins zone.
13:59 of 1st period - Nick Holden is hit by Josh Anderson and loses puck.
14:10 of 1st period - Shot by Josh Anderson.
14:10 of 1st period - Deflect By Rickard Rakell.
14:10 of 1st period - Stopped by Anton Khudobin without a rebound.
14:11 of 1st period - Joe Thornton wins face-off versus Sebastian Aho in Penguins zone.
14:22 of 1st period - Shot by Sebastian Aho.
14:22 of 1st period - Stopped by Braden Holtby with a rebound.
14:47 of 1st period - Icing by Alexander Romanov.
14:48 of 1st period - Chandler Stephenson wins face-off versus Sebastian Aho in Penguins zone.
15:15 of 1st period - Rickard Rakell is hit by Nick Ritchie and loses puck.
15:49 of 1st period - Rickard Rakell is hit by Nick Ritchie.
16:04 of 1st period - Shot by Joel Farabee.
16:04 of 1st period - Shot Misses the Net.
16:06 of 1st period - Shot by Jason Spezza.
16:06 of 1st period - Shot Misses the Net.
16:08 of 1st period - Shot by Adrian Kempe.
16:08 of 1st period - Shot Misses the Net.
16:20 of 1st period - Shot by Adrian Kempe.
16:20 of 1st period - Stopped by Anton Khudobin without a rebound.
16:21 of 1st period - Nicolas Roy wins face-off versus Colton Sissons in Penguins zone.
16:26 of 1st period - Shot by Alexander Barabanov.
16:26 of 1st period - Stopped by Anton Khudobin without a rebound.
16:27 of 1st period - Tim Stutzle wins face-off versus Sebastian Aho in Penguins zone.
16:28 of 1st period - Shot by Nicolas Roy.
16:28 of 1st period - Shot Blocked by Ty Smith.
16:39 of 1st period - Shot by Nikita Kucherov.
16:39 of 1st period - Shot Misses the Net.
16:41 of 1st period - Shot by Brady Tkachuk.
16:41 of 1st period - Shot Blocked by Johnny Boychuk.
16:43 of 1st period - Shot by Sebastian Aho.
16:43 of 1st period - Shot Blocked by Johnny Boychuk.
16:45 of 1st period - Shot by Sebastian Aho.
16:45 of 1st period - Shot Hit the Post.
16:47 of 1st period - Shot by Nikita Kucherov.
16:47 of 1st period - Stopped by Braden Holtby without a rebound.
16:48 of 1st period - Colton Sissons wins face-off versus Jason Spezza in Devils zone.
17:00 of 1st period - Colton Sissons is hit by Charlie McAvoy and loses puck.
17:36 of 1st period - Icing by Alexander Romanov.
17:37 of 1st period - Nicolas Roy wins face-off versus Colton Sissons in Penguins zone.
17:45 of 1st period - Filip Zadina is hit by Michael Del Zotto and loses puck.
17:47 of 1st period - Minor Penalty to Michael Del Zotto for Hooking.
17:48 of 1st period - Zack Smith wins face-off versus Chandler Stephenson in Devils zone.
19:09 of 1st period - Shot by Filip Zadina.
19:09 of 1st period - Stopped by Braden Holtby without a rebound.
19:10 of 1st period - Frederick Gaudreau wins face-off versus Jason Spezza in Devils zone.
19:17 of 1st period - Shot by Alexander Romanov.
19:17 of 1st period - Stopped by Braden Holtby without a rebound.
19:18 of 1st period - Mason Appleton wins face-off versus Brady Tkachuk in Devils zone.
19:43 of 1st period - Shot by Nikita Kucherov.
19:43 of 1st period - Stopped by Braden Holtby without a rebound.
19:44 of 1st period - Chandler Stephenson wins face-off versus Frederick Gaudreau in Devils zone.
Goals for this period are 1 for Devils vs 0 for Penguins.
Shots for this period are 21 for Devils vs 8 for Penguins.

2nd period


0:01 of 2nd period - Sebastian Aho wins face-off versus Chandler Stephenson in neutral zone.
1:14 of 2nd period - Shot by Colton Sissons.
1:14 of 2nd period - Stopped by Braden Holtby without a rebound.
1:15 of 2nd period - Nicolas Roy wins face-off versus Zack Smith in Devils zone.
2:28 of 2nd period - Shot by Adrian Kempe.
2:28 of 2nd period - Stopped by Anton Khudobin without a rebound.
2:29 of 2nd period - Frederick Gaudreau wins face-off versus Chandler Stephenson in Penguins zone.
3:32 of 2nd period - Shot by Nikita Kucherov.
3:32 of 2nd period - Stopped by Braden Holtby without a rebound.
3:33 of 2nd period - Colton Sissons wins face-off versus Jason Spezza in Devils zone.
3:42 of 2nd period - Shot by Filip Zadina.
3:42 of 2nd period - Stopped by Braden Holtby with a rebound.
3:51 of 2nd period - Shot by Luke Kunin.
3:51 of 2nd period - Shot Blocked by Matt Grzelcyk.
3:53 of 2nd period - Shot by Ty Smith.
3:53 of 2nd period - Shot Misses the Net.
3:55 of 2nd period - Shot by Colton Sissons.
3:55 of 2nd period - Shot Misses the Net.
3:59 of 2nd period - Shot by Luke Kunin.
3:59 of 2nd period - Shot Misses the Net.
4:25 of 2nd period - Alexander Romanov is hit by Jason Spezza.
4:29 of 2nd period - Shot by Sebastian Aho.
4:29 of 2nd period - Deflect By Nikita Kucherov.
4:29 of 2nd period - Shot Misses the Net.
4:31 of 2nd period - Shot by Brady Tkachuk.
4:31 of 2nd period - Stopped by Braden Holtby without a rebound.
4:32 of 2nd period - Zack Smith wins face-off versus Jimmy Vesey in Devils zone.
4:32 of 2nd period - Zack Smith is hit by Travis Dermott.
4:46 of 2nd period - Shot by Zack Smith.
4:46 of 2nd period - Deflect By Brett Connolly.
4:46 of 2nd period - Shot Misses the Net.
4:54 of 2nd period - Shot by Joe Thornton.
4:54 of 2nd period - Shot Misses the Net.
6:05 of 2nd period - Shot by Anthony DeAngelo.
6:05 of 2nd period - Stopped by Anton Khudobin without a rebound.
6:06 of 2nd period - Colton Sissons wins face-off versus Chandler Stephenson in Penguins zone.
6:06 of 2nd period - Colton Sissons is hit by Josh Anderson.
6:44 of 2nd period - Luke Kunin is hit by Charlie McAvoy and loses puck.
7:26 of 2nd period - Frederick Gaudreau is hit by Michael Del Zotto and loses puck.
8:14 of 2nd period - Shot by Tim Stutzle.
8:14 of 2nd period - Shot Misses the Net.
8:16 of 2nd period - Shot by Tim Stutzle.
8:16 of 2nd period - Shot Misses the Net.
8:37 of 2nd period - Sebastian Aho is hit by Travis Dermott and loses puck.
9:15 of 2nd period - Icing by Jacob Middleton.
9:16 of 2nd period - Chandler Stephenson wins face-off versus Zack Smith in Penguins zone.
9:32 of 2nd period - Shot by Nick Ritchie.
9:32 of 2nd period - Shot Misses the Net.
9:34 of 2nd period - Shot by Jacob Middleton.
9:34 of 2nd period - Stopped by Braden Holtby without a rebound.
9:35 of 2nd period - Jason Spezza wins face-off versus Colton Sissons in Devils zone.
9:40 of 2nd period - Matt Grzelcyk is hit by Luke Kunin and loses puck.
9:52 of 2nd period - Icing by Matt Grzelcyk.
9:53 of 2nd period - Jason Spezza wins face-off versus Zack Smith in Devils zone.
10:09 of 2nd period - Adrian Kempe is hit by Jacob Middleton and loses puck.
10:39 of 2nd period - Minor Penalty to Zack Smith for Hooking.
10:40 of 2nd period - Nikita Kucherov wins face-off versus Chandler Stephenson in Penguins zone.
11:39 of 2nd period - Frederick Gaudreau is hit by Nicolas Roy and loses puck.
11:53 of 2nd period - Anthony DeAngelo is hit by Sami Vatanen and loses puck.
12:50 of 2nd period - Shot by Joe Thornton.
12:50 of 2nd period - Shot Misses the Net.
13:53 of 2nd period - Off-side.
13:54 of 2nd period - Chandler Stephenson wins face-off versus Zack Smith in neutral zone.
13:54 of 2nd period - Chandler Stephenson is hit by Nick Ritchie.
14:14 of 2nd period - Shot by Rickard Rakell.
14:14 of 2nd period - Shot Blocked by Ty Smith.
14:26 of 2nd period - Shot by Chandler Stephenson.
14:26 of 2nd period - Deflect By Rickard Rakell.
14:26 of 2nd period - Stopped by Anton Khudobin with a rebound.
14:36 of 2nd period - Shot by Chandler Stephenson.
14:36 of 2nd period - Stopped by Anton Khudobin without a rebound.
14:37 of 2nd period - Jason Spezza wins face-off versus Brady Tkachuk in Penguins zone.
14:40 of 2nd period - Shot by Adrian Kempe.
14:40 of 2nd period - Stopped by Anton Khudobin with a rebound.
14:42 of 2nd period - Shot by Adrian Kempe.
14:42 of 2nd period - Stopped by Anton Khudobin without a rebound.
14:43 of 2nd period - Sebastian Aho wins face-off versus Jason Spezza in Penguins zone.
15:00 of 2nd period - Shot by Brady Tkachuk.
15:00 of 2nd period - Deflect By Sebastian Aho.
15:00 of 2nd period - Shot Misses the Net.
15:02 of 2nd period - Shot by Nikita Kucherov.
15:02 of 2nd period - Deflect By Sebastian Aho.
15:02 of 2nd period - Stopped by Braden Holtby without a rebound.
15:03 of 2nd period - Nicolas Roy wins face-off versus Colton Sissons in Devils zone.
15:03 of 2nd period - Nicolas Roy is hit by Colton Sissons.
15:23 of 2nd period - Shot by Tim Stutzle.
15:23 of 2nd period - Stopped by Anton Khudobin with a rebound.
15:27 of 2nd period - Shot by Tim Stutzle.
15:27 of 2nd period - Stopped by Anton Khudobin without a rebound.
15:28 of 2nd period - Sebastian Aho wins face-off versus Chandler Stephenson in Penguins zone.
15:28 of 2nd period - Sebastian Aho is hit by Josh Anderson.
15:33 of 2nd period - Icing by Brady Tkachuk.
15:34 of 2nd period - Sebastian Aho wins face-off versus Rickard Rakell in Penguins zone.
15:41 of 2nd period - Shot by Chandler Stephenson.
15:41 of 2nd period - Shot Hit the Post.
15:43 of 2nd period - Shot by Matt Grzelcyk.
15:43 of 2nd period - Shot Misses the Net.
16:03 of 2nd period - Icing by Charlie McAvoy.
16:04 of 2nd period - Colton Sissons wins face-off versus Chandler Stephenson in Devils zone.
16:18 of 2nd period - Icing by Charlie McAvoy.
16:19 of 2nd period - Zack Smith wins face-off versus Chandler Stephenson in Devils zone.
17:07 of 2nd period - Icing by Adrian Kempe.
17:08 of 2nd period - Sebastian Aho wins face-off versus Jason Spezza in Devils zone.
17:21 of 2nd period - Shot by Brady Tkachuk.
17:21 of 2nd period - Deflect By Nikita Kucherov.
17:21 of 2nd period - Goal by Nikita Kucherov - Devils : 1 - Penguins : 1.
17:22 of 2nd period - Nicolas Roy wins face-off versus Colton Sissons in neutral zone.
18:03 of 2nd period - Icing by Nicolas Roy.
18:04 of 2nd period - Sebastian Aho wins face-off versus Nicolas Roy in Devils zone.
18:26 of 2nd period - Johnny Boychuk is hit by Brady Tkachuk and loses puck.
18:33 of 2nd period - Nick Holden is hit by Nicolas Roy and loses puck.
18:52 of 2nd period - Shot by Adrian Kempe.
18:52 of 2nd period - Shot Misses the Net.
19:42 of 2nd period - Alexander Romanov is hit by Rickard Rakell and loses puck.
19:52 of 2nd period - Rickard Rakell is hit by Alexander Romanov and loses puck.
Goals for this period are 0 for Devils vs 1 for Penguins.
Shots for this period are 8 for Devils vs 7 for Penguins.

3rd period


0:01 of 3rd period - Jason Spezza wins face-off versus Filip Zadina in neutral zone.
0:56 of 3rd period - Icing by Michael Del Zotto.
0:57 of 3rd period - Sebastian Aho wins face-off versus Jason Spezza in Devils zone.
2:12 of 3rd period - Charlie McAvoy is hit by Zack Smith and loses puck.
2:38 of 3rd period - Zack Smith is hit by Travis Dermott and loses puck.
2:48 of 3rd period - Nicolas Roy is hit by Nick Holden and loses puck.
3:42 of 3rd period - Mason Appleton is hit by Nick Holden and loses puck.
3:45 of 3rd period - Shot by Charlie McAvoy.
3:45 of 3rd period - Shot Blocked by Sami Vatanen.
3:47 of 3rd period - Shot by Jimmy Vesey.
3:47 of 3rd period - Goal by Jimmy Vesey - Devils : 2 - Penguins : 1.
3:48 of 3rd period - Sebastian Aho wins face-off versus Chandler Stephenson in neutral zone.
3:56 of 3rd period - Josh Anderson is hit by Brady Tkachuk and loses puck.
4:04 of 3rd period - Sebastian Aho is hit by Rickard Rakell and loses puck.
4:11 of 3rd period - Shot by Chandler Stephenson.
4:11 of 3rd period - Goal by Chandler Stephenson - Devils : 3 - Penguins : 1.
4:12 of 3rd period - Joe Thornton wins face-off versus Zack Smith in neutral zone.
4:22 of 3rd period - Shot by Nick Ritchie.
4:22 of 3rd period - Stopped by Braden Holtby without a rebound.
4:23 of 3rd period - Sebastian Aho wins face-off versus Alexander Barabanov in Devils zone.
4:36 of 3rd period - Shot by Nikita Kucherov.
4:36 of 3rd period - Shot Misses the Net.
4:58 of 3rd period - Shot by Nikita Kucherov.
4:58 of 3rd period - Stopped by Braden Holtby with a rebound.
5:00 of 3rd period - Shot by Brady Tkachuk.
5:00 of 3rd period - Deflect By Nikita Kucherov.
5:00 of 3rd period - Stopped by Braden Holtby without a rebound.
5:01 of 3rd period - Zack Smith wins face-off versus Chandler Stephenson in Devils zone.
5:38 of 3rd period - Minor Penalty to Johnny Boychuk for Hooking.
5:39 of 3rd period - Chandler Stephenson wins face-off versus Frederick Gaudreau in Devils zone.
5:39 of 3rd period - Chandler Stephenson is hit by Filip Zadina.
5:46 of 3rd period - Icing by Alexander Romanov.
5:47 of 3rd period - Chandler Stephenson wins face-off versus Frederick Gaudreau in Penguins zone.
6:02 of 3rd period - Shot by Ty Smith.
6:02 of 3rd period - Shot Misses the Net.
6:04 of 3rd period - Shot by Alexander Romanov.
6:04 of 3rd period - Stopped by Braden Holtby without a rebound.
6:05 of 3rd period - Jason Spezza wins face-off versus Zack Smith in Devils zone.
6:15 of 3rd period - Nikita Kucherov is hit by Charlie McAvoy and loses puck.
6:20 of 3rd period - Shot by Sami Vatanen.
6:20 of 3rd period - Shot Misses the Net.
6:22 of 3rd period - Shot by Zack Smith.
6:22 of 3rd period - Shot Misses the Net.
6:24 of 3rd period - Shot by Sami Vatanen.
6:24 of 3rd period - Shot Hit the Post.
8:45 of 3rd period - Shot by Luke Kunin.
8:45 of 3rd period - Stopped by Braden Holtby without a rebound.
8:46 of 3rd period - Jason Spezza wins face-off versus Brady Tkachuk in Devils zone.
8:46 of 3rd period - Jason Spezza is hit by Brady Tkachuk.
8:51 of 3rd period - Off-side.
8:52 of 3rd period - Sebastian Aho wins face-off versus Jason Spezza in neutral zone.
8:57 of 3rd period - Shot by Brady Tkachuk.
8:57 of 3rd period - Shot Misses the Net.
9:07 of 3rd period - Shot by Nikita Kucherov.
9:07 of 3rd period - Shot Blocked by Matt Grzelcyk.
9:09 of 3rd period - Shot by Brady Tkachuk.
9:09 of 3rd period - Deflect By Nikita Kucherov.
9:09 of 3rd period - Stopped by Braden Holtby without a rebound.
9:10 of 3rd period - Frederick Gaudreau wins face-off versus Chandler Stephenson in Devils zone.
9:10 of 3rd period - Craig Smith is hit by Johnny Boychuk and loses puck.
9:14 of 3rd period - Icing by Chandler Stephenson.
9:15 of 3rd period - Chandler Stephenson wins face-off versus Sebastian Aho in Devils zone.
9:36 of 3rd period - Shot by Chandler Stephenson.
9:36 of 3rd period - Stopped by Anton Khudobin without a rebound.
9:37 of 3rd period - Colton Sissons wins face-off versus Jason Spezza in Penguins zone.
9:50 of 3rd period - Shot by Joel Farabee.
9:50 of 3rd period - Shot Misses the Net.
9:52 of 3rd period - Shot by Charlie McAvoy.
9:52 of 3rd period - Shot Misses the Net.
9:54 of 3rd period - Shot by Joel Farabee.
9:54 of 3rd period - Stopped by Anton Khudobin with a rebound.
9:56 of 3rd period - Shot by Joel Farabee.
9:56 of 3rd period - Stopped by Anton Khudobin without a rebound.
9:57 of 3rd period - Chandler Stephenson wins face-off versus Sebastian Aho in Penguins zone.
9:59 of 3rd period - Rickard Rakell is hit by Nick Holden and loses puck.
10:08 of 3rd period - Shot by Sebastian Aho.
10:08 of 3rd period - Shot Misses the Net.
10:10 of 3rd period - Shot by Nick Holden.
10:10 of 3rd period - Shot Blocked by Travis Dermott.
10:12 of 3rd period - Shot by Sebastian Aho.
10:12 of 3rd period - Stopped by Braden Holtby without a rebound.
10:13 of 3rd period - Adrian Kempe wins face-off versus Filip Zadina in Devils zone.
12:17 of 3rd period - Shot by Sebastian Aho.
12:17 of 3rd period - Stopped by Braden Holtby without a rebound.
12:18 of 3rd period - Frederick Gaudreau wins face-off versus Nicolas Roy in Devils zone.
12:53 of 3rd period - Shot by Alexander Romanov.
12:53 of 3rd period - Shot Misses the Net.
13:11 of 3rd period - Craig Smith is hit by Joe Thornton and loses puck.
14:10 of 3rd period - Off-side.
14:11 of 3rd period - Chandler Stephenson wins face-off versus Colton Sissons in neutral zone.
14:16 of 3rd period - Shot by Rickard Rakell.
14:16 of 3rd period - Shot Misses the Net.
14:18 of 3rd period - Shot by Chandler Stephenson.
14:18 of 3rd period - Stopped by Anton Khudobin with a rebound.
14:20 of 3rd period - Shot by Rickard Rakell.
14:20 of 3rd period - Shot Misses the Net.
14:34 of 3rd period - Shot by Rickard Rakell.
14:34 of 3rd period - Shot Misses the Net.
14:40 of 3rd period - Shot by Rickard Rakell.
14:40 of 3rd period - Shot Misses the Net.
14:42 of 3rd period - Shot by Johnny Boychuk.
14:42 of 3rd period - Stopped by Anton Khudobin without a rebound.
14:43 of 3rd period - Jason Spezza wins face-off versus Sebastian Aho in Penguins zone.
14:53 of 3rd period - Shot by Sebastian Aho.
14:53 of 3rd period - Shot Misses the Net.
14:55 of 3rd period - Shot by Sebastian Aho.
14:55 of 3rd period - Shot Blocked by Anthony DeAngelo.
14:57 of 3rd period - Shot by Nikita Kucherov.
14:57 of 3rd period - Stopped by Braden Holtby without a rebound.
14:58 of 3rd period - Nicolas Roy wins face-off versus Zack Smith in Devils zone.
15:00 of 3rd period - Icing by Charlie McAvoy.
15:01 of 3rd period - Nicolas Roy wins face-off versus Colton Sissons in Devils zone.
15:01 of 3rd period - Nicolas Roy is hit by Luke Kunin.
15:12 of 3rd period - Tim Stutzle is hit by Luke Kunin and loses puck.
15:23 of 3rd period - Shot by Luke Kunin.
15:23 of 3rd period - Shot Misses the Net.
15:25 of 3rd period - Shot by Colton Sissons.
15:25 of 3rd period - Stopped by Braden Holtby without a rebound.
15:26 of 3rd period - Sebastian Aho wins face-off versus Jason Spezza in Devils zone.
15:29 of 3rd period - Shot by Sebastian Aho.
15:29 of 3rd period - Shot Blocked by Anthony DeAngelo.
15:31 of 3rd period - Shot by Brady Tkachuk.
15:31 of 3rd period - Shot Misses the Net.
15:38 of 3rd period - Brady Tkachuk is hit by Michael Del Zotto and loses puck.
16:14 of 3rd period - Icing by Jacob Middleton.
16:15 of 3rd period - Chandler Stephenson wins face-off versus Sebastian Aho in Penguins zone.
16:20 of 3rd period - Shot by Rickard Rakell.
16:20 of 3rd period - Shot Misses the Net.
16:22 of 3rd period - Shot by Charlie McAvoy.
16:22 of 3rd period - Shot Misses the Net.
17:35 of 3rd period - Nicolas Roy is hit by Alexander Romanov and loses puck.
18:05 of 3rd period - Shot by Travis Dermott.
18:05 of 3rd period - Stopped by Anton Khudobin without a rebound.
18:06 of 3rd period - Frederick Gaudreau wins face-off versus Jason Spezza in Penguins zone.
18:34 of 3rd period - Shot by Frederick Gaudreau.
18:34 of 3rd period - Shot Blocked by Michael Del Zotto.
18:36 of 3rd period - Shot by Frederick Gaudreau.
18:36 of 3rd period - Shot Blocked by Michael Del Zotto.
18:38 of 3rd period - Shot by Dominic Toninato.
18:38 of 3rd period - Deflect By Frederick Gaudreau.
18:38 of 3rd period - Stopped by Braden Holtby without a rebound.
18:39 of 3rd period - Colton Sissons wins face-off versus Joe Thornton in Devils zone.
18:49 of 3rd period - Icing by Matt Grzelcyk.
18:50 of 3rd period - Jimmy Vesey wins face-off versus Zack Smith in Devils zone.
19:05 of 3rd period - Shot by Mason Appleton.
19:05 of 3rd period - Stopped by Anton Khudobin without a rebound.
19:06 of 3rd period - Colton Sissons wins face-off versus Jason Spezza in Penguins zone.
19:06 of 3rd period - Colton Sissons is hit by Joel Farabee.
Goals for this period are 2 for Devils vs 0 for Penguins.
Shots for this period are 9 for Devils vs 11 for Penguins.